 Dungeon Crawl Stone Soup version 0.30-a0-365-ge7f957f (webtiles) character file.

Game seed: 10314225183802151435

1752 Dorkslayer the Spear-Bearer (level 9, 0/68 HPs)
             Began as a Merfolk Fighter on Nov 16, 2022.
             Slain by a gnoll
             ... wielding a +2 flail of venom
              (12 damage)
             ... on level 7 of the Dungeon.
             The game lasted 00:15:23 (5392 turns).

Dorkslayer the Spear-Bearer (Merfolk Fighter)       Turns: 5392, Time: 00:15:23

Health: 0/68       AC: 11    Str: 19    XL:     9   Next: 6%
Magic:  9/9        EV:  7    Int:  9    God:
Gold:   414        SH:  9    Dex: 13    Spells: 8/8 levels left

rFire   . . .      SeeInvis .    a - +0 trident
rCold   + . .      Faith    .    d - +0 kite shield
rNeg    . . .      Spirit   .    j - +0 chain mail
rPois   .          Reflect  .    (no helmet)
rElec   .          Harm     .    m - +1 cloak
rCorr   .          Rampage  .    (no gloves)
Will    +....                    (no boots)
Stlth   ..........               t - amulet of regeneration
HPRegen 1.11/turn                n - ring of protection from cold
MPRegen 0.11/turn                i - ring of willpower

@: lethally poisoned (0 -> -1), hasted, very quick
A: (nimble swimmer 2), mertail
a: no special abilities


You were on level 7 of the Dungeon.
You visited 2 branches of the dungeon, and saw 8 of its levels.

You collected 414 gold pieces.

Inventory:

Hand Weapons
 a - a +0 trident (weapon)
 v - the +9 sling of Cataclysm {speed, rElec Int+3}
   (You found it on level 6 of the Dungeon)

   Attacks with this weapon are significantly faster.
   Int:       It affects your intelligence (+3).
   rElec:     It insulates you from electricity.
Missiles
 y - 3 boomerangs (quivered)
 A - 6 boomerangs of dispersal
 C - 4 javelins
Armour
 d - a +0 kite shield (worn)
 j - a +0 chain mail (worn)
 m - a +1 cloak (worn)
Jewellery
 i - a ring of willpower (right hand)
 n - a ring of protection from cold (left hand)
 t - an amulet of regeneration (around neck)
Wands
 s - a wand of paralysis (12)
Scrolls
 b - a scroll of silence
 f - a scroll of poison {unknown}
 h - 3 scrolls of blinking
 o - a scroll of brand weapon
 p - a scroll of identify
 q - 2 scrolls of immolation
 r - a scroll of fear {unknown}
 z - 4 scrolls of teleportation
Potions
 e - 5 potions of curing
 g - a potion of haste
 l - 2 potions of heal wounds
 u - 2 potions of mutation
 w - a potion of degeneration {unknown}
 x - a potion of brilliance {unknown}
 B - 2 potions of cancellation {unknown}


   Skills:
 + Level 5.4 Fighting
 + Level 8.3 Polearms
 * Level 2.1 Ranged Weapons
 + Level 0.1 Throwing
 + Level 3.8 Armour
 * Level 5.3 Dodging
 + Level 2.1 Stealth
 + Level 3.9 Shields
 * Level 4.2 Evocations


You had 8 spell levels left.
You didn't know any spells.
Your spell library contained the following spells:

 Spells                   Type           Power      Damage    Failure   Level
 Inner Flame              Hex/Fire       0%         N/A       100%        3
 Cause Fear               Hex            0%         N/A       100%        4
 Summon Forest            Summ/Tloc      0%         N/A       100%        5
 Eringya's Noxious Bog    Tmut/Pois      0%         N/A       100%        6
 Summon Hydra             Summ           0%         N/A       100%        7
 Discord                  Hex            0%         N/A       100%        8


Dungeon Overview and Level Annotations

Branches:
Dungeon (7/15)             Temple (1/1) D:5

Altars:
Ashenzari
Cheibriados
Dithmenos
Elyvilon
Fedhas
Hepliaklqana
Kikubaaqudgha
Makhleb
Nemelex Xobeh
Okawaru
Qazlal
Ru
Sif Muna
Trog
Uskayaw
Vehumet
Wu Jian
Xom
Yredelemnul

Shops:
D:2 *   D:6 (


Innate Abilities, Weirdness & Mutations

((You are very nimble when in or above water. (Stealth+, EV+, Speed+++)))
Your lower body shifts to a powerful aquatic tail in water.


Message History

You closely miss something.
The gnoll hits you from afar with a +0 halberd!
Something hits you. Something shocks you.
You barely miss something. You closely miss something.
You block the gnoll's attack. Something hits you but does no damage.
You completely miss something.
The gnoll hits you from afar with a +0 halberd!
* * * LOW HITPOINT WARNING * * *
Something hits you but does no damage.
You miss something. You closely miss something. You block the gnoll's attack.
Something hits you but does no damage.
You miss something. The gnoll hits you but does no damage.
Something hits you but does no damage.
You miss something. The gnoll barely misses you.
Something hits you but does no damage.
You puncture something!
Reactivating autopickup.
You feel a bit more experienced.
Your legs become a tail as you enter the water.
The gnoll closely misses you. You block the gnoll's attack.
The gnoll hits you with a +2 flail of venom.
You see here a sky beast corpse.
You hit the gnoll.
You tail-slap the gnoll, but do no damage.
The gnoll is severely wounded.
You hit the gnoll.
You kill the gnoll!
The gnoll closely misses you. x2
You see here a +0 halberd.
You closely miss the gnoll. The gnoll hits you with a +0 halberd.
The gnoll hits you with a +2 flail of venom.
You are poisoned.
You puncture the gnoll!
The gnoll is almost dead.
You feel sick. The gnoll hits you with a +0 halberd!
* * * LOW HITPOINT WARNING * * *
The gnoll hits you with a +2 flail of venom!
You die...

#.....# #.#
#...........#
#.....# #.#
#.###.......#
#.....#
#.###### #.#
###.###.#
..>..##
#.##...## #.#
#.# #.# ###.##
#.#.....###.#
#.# #.# #.
#........##.#
#.###.### #.
###........##.#
#....>..#
..........g##.#
####..#.#
#....g@†..#
#..#.#
##...####.#
#..#.# ##.##
#.# #..#.# #.#
#.########..#.#
g..
#...........#.#
...$
##########.##.#
..... #.##.#
#......
#######.##.#
#..........#


You could see 2 gnolls.

Vanquished Creatures
  A water moccasin (D:7)
  A sky beast (D:7)
  An ice beast (D:6)
  2 ogres
  A bullfrog (D:5)
  2 gnoll sergeants
  4 scorpions
  A water moccasin zombie (D:4)
  A howler monkey (D:6)
  A centaur zombie (D:4)
  2 hounds
  An orc priest (D:6)
  A human zombie (D:4)
  A gnoll bouda (D:6)
  2 iguanas (D:6)
  A scorpion zombie (D:4)
  2 orc wizards (D:6)
  Natasha (thrice) (D:3)
  3 hound zombies (D:4)
  2 mummies (D:4)
  A howler monkey zombie (D:4)
  12 gnolls
  9 adders
  2 white imps (D:7)
  An ufetubus (D:5)
  2 adder zombies (D:4)
  A worm (D:3)
  2 dart slugs
  8 orcs
  5 ball pythons
  2 bats
  7 endoplasms
  4 giant cockroaches
  10 goblins
  5 hobgoblins
  4 jackals (D:2)
  4 quokkas
  3 frilled lizards
  5 kobolds
  9 rats
  A spectral goblin (D:3)
130 creatures vanquished.

Notes
Turn   | Place    | Note
-------+----------+-------------------------------------------
     0 | D:1      | Dorkslayer the Merfolk Fighter began the quest for the Orb.
     0 | D:1      | Reached XP level 1. HP: 18/18 MP: 1/1
    70 | D:1      | Reached XP level 2. HP: 22/24 MP: 2/2
    96 | D:1      | Reached skill level 1 in Dodging
   237 | D:1      | Reached skill level 3 in Polearms
   399 | D:1      | Reached XP level 3. HP: 26/29 MP: 3/3
  1048 | D:2      | Reached XP level 4. HP: 34/37 MP: 4/4
  1081 | D:2      | Found Uta Ilag's Assorted Antiques.
  1158 | D:2      | Reached skill level 4 in Polearms
  1580 | D:3      | You fall into a shaft and drop 2 floors!
  1580 | D:5      | Entered Level 5 of the Dungeon
  1621 | D:5      | Noticed a bullfrog
  1631 | D:5      | Killed a bullfrog
  1632 | D:5      | Reached skill level 1 in Evocations
  1632 | D:5      | Reached XP level 5. HP: 41/42 MP: 5/5
  1634 | D:5      | Found a staircase to the Ecumenical Temple.
  1640 | Temple   | Entered the Ecumenical Temple
  1692 | D:5      | Noticed an ogre
  1698 | D:5      | Killed an ogre
  1699 | D:5      | Reached XP level 6. HP: 30/48 MP: 6/6
  1702 | D:5      | Reached skill level 5 in Polearms
  1920 | D:6      | Noticed an ice beast
  1933 | D:6      | Killed an ice beast
  1934 | D:6      | Reached XP level 7. HP: 52/55 MP: 7/7
  1979 | D:6      | Reached skill level 6 in Polearms
  1982 | D:6      | Reached skill level 1 in Stealth
  2250 | D:6      | Found Fuddaden's Antique Weapon Shoppe.
  2457 | D:6      | Identified the +9 sling of Cataclysm {speed, rElec Int+3}
  2729 | D:5      | Reached XP level 8. HP: 61/61 MP: 8/8
  2880 | D:3      | Noticed Natasha
  2885 | D:3      | Killed Natasha
  2905 | D:3      | Found a faded altar of an unknown god.
  3018 | D:3      | Noticed Natasha
  3023 | D:3      | Killed Natasha
  3054 | D:3      | Noticed Natasha
  3059 | D:3      | Killed Natasha
  3409 | D:3      | Reached skill level 1 in Ranged Weapons
  3503 | D:3      | Reached skill level 7 in Polearms
  3775 | D:4      | Found an ancient bone altar of Kikubaaqudgha.
  3809 | D:4      | Reached skill level 5 in Fighting
  4528 | D:5      | Identified the +1 scale mail of Precision Catastrophes
                  | {Str+2}
  5140 | D:7      | Reached skill level 8 in Polearms
  5140 | D:7      | Reached skill level 5 in Dodging
  5301 | D:7      | Reached XP level 9. HP: 66/68 MP: 9/9
  5392 | D:7      | Slain by a gnoll

Illustrated notes

Levels and vault maps discovered:
D:1:      dpeg_arrival_ratfight, layout_basic,
          nicolae_concentric_dashed_squares_wild
D:2:      layout_rooms, serial_shops, nicolae_diamond_shop
D:3:      minmay_bubble_buster, layout_loops_ring,
          dreamdust_ecumenical_altar_drowned_temple, uniq_natasha
D:4:      layout_loops_ring, lemuel_mausoleum_altar_kikubaaqudgha,
          grunt_ministairs_15
D:5:      layout_loops_ring, minmay_temple_entry_wispy, serial_glass,
          glass_columns_a, glass_columns_a, grunt_decor_one_mirror,
          kennysheep_windowed_goal
D:6:      layout_loops_cross, serial_shops, shop
D:7:      layout_loops_ring
Temple:   nicolae_temple_no_exploring_needed

Skill      XL: |  1  2  3  4  5  6  7  8 |
---------------+-------------------------+-----
Dodging        | 1 2 3 4 5 |  5.3
Polearms       | 3 4 5 6 8 |  8.3
Fighting       | 4 5 |  5.4
Evocations     | 1 2 3 4 |  4.2
Armour         | 3 |  3.8
Stealth        | 1 2 |  2.1
Ranged Weapons | 2 |  2.1
Throwing       | |  0.1
Shields        | |  3.9

Action                   |  1- 3 |  4- 6 |  7- 9 || total
-------------------------+-------+-------+-------++-------
Melee: Trident           |    99 |    74 |   391 ||   564
       Tailslap          |       |       |     2 ||     2
Throw: Boomerang         |       |       |     4 ||     4
Evoke: Wand              |       |     2 |     7 ||     9
  Use: Potion            |       |     1 |     2 ||     3
       Scroll            |       |       |    12 ||    12
 Stab: Paralysed         |       |     5 |     6 ||    11
Armor: Scale mail        |    21 |       |       ||    21
       Chain mail        |    19 |    33 |   153 ||   205
Dodge: Dodged            |    43 |    20 |   108 ||   171
Block: Buckler           |     7 |    19 |    66 ||    92
       Kite shield       |       |       |    16 ||    16

Table legend: (Time is in decaauts)
 A = Elapsed time spent in this place.
 B = Non-inter-level travel time spent in this place.
 C = Inter-level travel time spent in this place.
 D = Time resting spent in this place.
 E = Time spent auto-exploring this place.
 F = Levels seen in this place.
 G = Mean time per level.
                   A        B        C        D        E       F      G
               +--------+--------+--------+--------+--------+-----+--------+
         Total |   5408 |   5408 |      0 |     35 |   2607 |   8 |  676.0 |
       Dungeon |   5406 |   5406 |      0 |     35 |   2607 |   7 |  772.3 |
        Temple |      1 |      1 |      0 |      0 |      0 |   1 |    1.0 |
               +--------+--------+--------+--------+--------+-----+--------+

Top non-repeatable levels by time:
     D:5: 946 daAuts
     D:3: 942 daAuts
     D:4: 876 daAuts
     D:1: 854 daAuts
     D:6: 851 daAuts
     D:2: 638 daAuts
     D:7: 295 daAuts
  Temple: 1 daAuts
